cohdb
Replays
Latest Replays
All Replays
Popular Replays
Top Player Replays
Match Explorer
How It Works
Community
CoH3 Stats
Reddit
Sign in to upload your games and track your stats! →
Sign in with Steam
Match 44348228
Unlisted
Match 44348228
Overview
Messages
Build Orders
End
Scout Squad
Construct Barracks
Riflemen Squad
Riflemen Squad
Construct Weapon Support Center
M1 Mortar Team
Infantry Support Center
Selects Heavy Weapons
Selects Assault Carriers
M3 Assault Carrier
Grenade Package
M1919 Machine Gun Team
Selects Exchangeable Parts
Engineer Squad
Riflemen Squad
Engineer Squad
M1918 Browning Automatic Rifles
M3 Assault Carrier
Advanced Logistics
M3 Assault Carrier
M1919 Machine Gun Team
Engineer Squad
Munitions Surplus
Selects M26 Pershing Heavy Tank
M26 Pershing Heavy Tank
M3 Assault Carrier
Selects M2HB .50cal Heavy Machine Gun
Selects Rapid Reposition
Selects Black Dragon Artillery Barrage
Sniper
M26 Pershing Heavy Tank
M1919 Machine Gun Team
Engineer Squad
M1919 Machine Gun Team
M1919 Machine Gun Team
Engineer Squad
M1919 Machine Gun Team
Anticafe
BlueSkidrow™
Septimum
hoshot
0
0
Comments
sign in to comment!
No comments posted yet!